 Dungeon Crawl Stone Soup version 0.30-a0-297-g0ec75d9ef4 (webtiles) character file.

Game seed: 4467960810523838124

540581 ragingrage the Imperceptible (level 25, -5/135 (139) HPs)
             Began as a Vine Stalker Brigand on Oct 18, 2022.
             Was the Champion of Dithmenos.
             Slain by a bone dragon (8 damage)
             ... called by a doom hound
             ... on level 3 of the Realm of Zot.
             The game lasted 01:47:49 (58447 turns).

ragingrage the Imperceptible (VSBr)                Turns: 58447, Time: 01:47:50

HP:   -5/135 (139)  AC: 25    Str: 21    XL:     25   Next: 97%
MP:   0/33          EV: 23    Int:  7    God:    Dithmenos [******]
Gold: 5048          SH: 19    Dex: 36    Spells: 12/32 levels left

rFire   + + +      SeeInvis +    a - +9 rapier (elec)
rCold   + + +      Faith    .    C - +1 kite shield {AC+3}
rNeg    . . .      Spirit   +    F - +0 storm dragon scales
rPois   +          Reflect  .    v - +2 hat {Stlth+}
rElec   +          Harm     .    c - +2 cloak of the Thief {*Fog Slay-2 SInv Stlth+}
rCorr   +          Rampage  +    b - +0 pair of gloves of Dyspraxia {Rampage rPois Str+3 Int-3}
Will    ++++.                    o - +2 pair of boots Stlth *******+++
                                 J - amulet "Withre Gyosuj" {Acrobat rF++ Dex+4}
HPRegen 1.22/turn                p - ring of resist corrosion
MPRegen 0.23/turn                k - ring of Fragile Peace {Drain rF+ rC+++ Will+ Str+5}

@: about to teleport, corroded, on berserk cooldown, slowed, wreathed by umbra,
lightly drained, very slow
A: fangs 3, regeneration 1, magic shield, antimagic bite, no potion heal 2,
agile 1, MP-powered wands
}: 3/15 runes: serpentine, barnacled, silver
a: Renounce Religion, Shadow Step, Shadow Form


You were on level 3 of the Realm of Zot.
You worshipped Dithmenos.
Dithmenos was exalted by your worship.
You visited 10 branches of the dungeon, and saw 46 of its levels.
You also visited: Bailey and Ice Cave.

You collected 8096 gold pieces.
You spent 3048 gold pieces at shops.

Inventory:

Hand Weapons
 a - a +9 rapier of electrocution (weapon)
 h - a +4 vorpal double sword
Missiles
 d - 58 poisoned darts (quivered)
 e - 9 curare-tipped darts
 W - 10 throwing nets
Armour
 b - the +0 pair of gloves of Dyspraxia (worn) {Rampage rPois Str+3 Int-3}
   (You bought it in a shop on level 2 of the Orcish Mines)

   Str:       It affects your strength (+3).
   Int:       It affects your intelligence (-3).
   rPois:     It protects you from poison.
   Rampage:   It bestows one free step when moving towards enemies.
 c - the +2 cloak of the Thief (worn) {*Fog Slay-2 SInv Stlth+}
   (You acquired it on level 3 of the Vaults)

   It may release a thick cloud of smoke when the wearer is hurt.
   Slay:      It affects your accuracy & damage with ranged weapons and melee
   (-2).
   SInv:      It lets you see invisible.
   Stlth:     It makes you more stealthy.
 o - a +2 pair of boots (worn)
 v - a +2 hat of stealth (worn)
 C - a +1 kite shield of protection (worn)
 F - +0 storm dragon scales (worn)
 H - the +13 plate armour "Kaanorghu" {rN+ Int-4 Slay+3}
   (You found it on level 3 of the Vaults)

   Int:       It affects your intelligence (-4).
   Slay:      It affects your accuracy & damage with ranged weapons and melee
   (+3).
   rN:        It protects you from negative energy.
Jewellery
 f - a +6 ring of dexterity
 k - the ring of Fragile Peace (right hand) {Drain rF+ rC+++ Will+ Str+5}
   (You acquired it on level 1 of the Realm of Zot)

   [ring of protection from fire]

   Str:       It affects your strength (+5).
   rF:        It protects you from fire.
   rC:        It renders you almost immune to cold.
   Drain:     It drains your maximum health when unequipped.
   Will:      It increases your willpower.
 p - a ring of resist corrosion (left hand)
 J - the amulet "Withre Gyosuj" (around neck) {Acrobat rF++ Dex+4}
   (You took it off a vault sentinel on level 5 of the Vaults)

   [amulet of the acrobat]

   It increases your evasion while moving and waiting.
   Dex:       It affects your dexterity (+4).
   rF:        It greatly protects you from fire.
 Y - a +4 ring of slaying
Wands
 I - a wand of digging (3)
 K - a wand of charming (49)
 N - a wand of roots (14)
 Q - a wand of acid (12)
 T - a wand of polymorph (8)
 U - a wand of flame (49)
Scrolls
 j - 5 scrolls of blinking
 q - a scroll of silence
 s - 18 scrolls of identify
 u - 28 scrolls of teleportation
 B - 5 scrolls of magic mapping
 D - 3 scrolls of summoning
 G - 10 scrolls of vulnerability
 M - 3 scrolls of poison
 P - 7 scrolls of fear
 V - a scroll of enchant weapon
 X - 7 scrolls of enchant armour
 Z - 9 scrolls of fog
Potions
 g - 9 potions of haste
 i - 6 potions of brilliance
 l - 8 potions of lignification
 m - 9 potions of might
 n - 6 potions of attraction
 r - 5 potions of invisibility
 t - 26 potions of curing
 w - 12 potions of ambrosia
 x - 7 potions of resistance
 y - 2 potions of magic
 z - 11 potions of flight
 A - 15 potions of mutation
 E - 3 potions of berserk rage
Miscellaneous
 L - a condenser vane
 O - a phial of floods
 R - a lightning rod (4/4)
 S - a phantom mirror


   Skills:
 + Level 16.6 Fighting
 - Level 14.0 Short Blades
 - Level 6.0 Throwing
 + Level 12.1 Armour
 - Level 15.0 Dodging
 - Level 24.0 Stealth
 + Level 16.6 Shields
 + Level 4.3 Spellcasting
 + Level 20.8 Hexes
 - Level 13.0 Invocations
 - Level 5.0 Evocations


You had 12 spell levels left.
You knew the following spells:

 Your Spells              Type           Power      Damage    Failure   Level
a - Ensorcelled Hibernat  Hex/Ice        32%        N/A       6%          2
b - Dazzling Flash        Conj/Hex       32%        N/A       12%         3
c - Enfeeble              Hex            15%        N/A       43%         7
d - Tukima's Dance        Hex            30%        N/A       1%          3
e - Silence               Hex/Air        8%         N/A       75%         5

Your spell library contained the following spells:

 Spells                   Type           Power      Damage    Failure   Level
 Inner Flame              Hex/Fire       16%        N/A       12%         3
 Summon Guardian Golem    Hex/Summ       16%        N/A       12%         3
 Anguish                  Hex/Necr       8%         N/A       38%         4
 Fulminant Prism          Conj/Hex       8%         3d7       38%         4
 Metabolic Englaciation   Hex/Ice        8%         N/A       75%         5
 Yara's Violent Unravell  Hex/Tmut       8%         3d5       75%         5
 Freeze                   Ice            4%         1d3       96%         1
 Magic Dart               Conj           4%         1d3       96%         1
 Necrotise                Necr           4%         1d4       96%         1
 Sandblast                Erth           2%         2d4       96%         1
 Shock                    Conj/Air       4%         1d3       96%         1
 Sting                    Tmut/Pois      4%         1d3       96%         1
 Blink                    Tloc           2%         N/A       99%         2
 Cigotuvi's Dreadful Rot  Necr/Pois/Air  2%         N/A       99%         2
 Passwall                 Tmut/Erth      0%         N/A       99%         2
 Poisonous Vapours        Pois/Air       2%         N/A       99%         2
 Searing Ray              Conj           2%         2d4       99%         2
 Call Canine Familiar     Summ           1%         N/A       100%        3
 Frozen Ramparts          Ice            2%         1d1       100%        3
 Ignite Poison            Fire/Tmut/Pois 1%         N/A       100%        3
 Kindle Blastsparks       Fire/Tloc/Air  2%         2d10      100%        3
 Mephitic Cloud           Conj/Pois/Air  1%         N/A       100%        3
 Ozocubu's Armour         Ice            1%         N/A       100%        3
 Spider Form              Tmut/Pois      1%         N/A       100%        3
 Stone Arrow              Conj/Erth      2%         3d7       100%        3
 Swiftness                Air            1%         N/A       100%        3
 Vampiric Draining        Necr           1%         2d6       100%        3
 Airstrike                Air            0%         2d(1-17)  100%        4
 Dispel Undead            Necr           1%         3d6       100%        4
 Ice Form                 Ice/Tmut       1%         N/A       100%        4
 Manifold Assault         Tloc           1%         N/A       100%        4
 Olgreb's Toxic Radiance  Pois           1%         N/A       100%        4
 Passage of Golubria      Tloc           1%         N/A       100%        4
 Sticky Flame             Conj/Fire      1%         2d3       100%        4
 Summon Ice Beast         Ice/Summ       1%         N/A       100%        4
 Summon Lightning Spire   Summ/Air       1%         N/A       100%        4
 Agony                    Necr           1%         N/A       100%        5
 Freezing Cloud           Conj/Ice/Air   0%         6-21      100%        5
 Lightning Bolt           Conj/Air       0%         1d11      100%        5
 Death Channel            Necr           0%         N/A       100%        6
 Malign Gateway           Summ/Tloc      0%         N/A       100%        7
 Orb of Destruction       Conj           0%         9d5       100%        7
 Ozocubu's Refrigeration  Ice            0%         4d7       100%        7
 Spellforged Servitor     Conj/Summ      0%         N/A       100%        7
 Storm Form               Tmut/Air       0%         N/A       100%        7
 Summon Hydra             Summ           0%         N/A       100%        7
 Borgnjor's Revivificati  Necr           0%         N/A       100%        8
 Ignition                 Fire           0%         3d3       100%        8
 Infestation              Necr           0%         N/A       100%        8
 Maxwell's Capacitive Co  Air            0%         ∞         100%        8
 Necromutation            Tmut/Necr      0%         N/A       100%        8
 Summon Horrible Things   Summ           0%         N/A       100%        8
 Death's Door             Necr           0%         N/A       100%        9
 Fire Storm               Conj/Fire      0%         6d1       100%        9
 Polar Vortex             Ice            0%         N/A       100%        9


Dungeon Overview and Level Annotations

Branches:
Dungeon (15/15)            Temple (1/1) D:4            Lair (5/5) D:9
 Shoals (4/4) Lair:3        Snake (4/4) Lair:3        Slime (0/5) Lair:5
    Orc (2/2) D:11            Elf (3/3) Orc:2        Vaults (5/5) D:13
  Crypt (0/3) Vaults:2     Depths (4/4) D:15            Zot (3/5) Depths:4
 Bailey (visited)           IceCv (visited)

Altars:
Ashenzari
Cheibriados
Dithmenos
Elyvilon
Fedhas
Gozag
Hepliaklqana
Kikubaaqudgha
Makhleb
Nemelex Xobeh
Okawaru
Qazlal
Ru
Sif Muna
Trog
Uskayaw
Vehumet
Wu Jian
Xom
Yredelemnul
Zin
The Shining One
Jiyva

Shops:
D:13 *   Orc:2 [(:*   Elf:3 *   Shoals:3 !   Snake:2 =::   Snake:3 (
Snake:4 :   Depths:2 [   Depths:4 :[*(

Portals:
Hell: Depths:1 Depths:2 Depths:3 Depths:4
Abyss: Depths:1 Depths:3
Pandemonium: Depths:2
Ziggurat: Depths:2
Trove: Vaults:1 (give +6 demon trident)

Annotations:
D:1 1 transporter
D:12 exclusion: downstairs
Lair:2 3 runed translucent doors, Palms's ghost, journeyman NaIE; chippings's ghost, journeyman MfGl; ryw's ghost, journeyman DsMo
Shoals:1 Roxanne
Snake:2 exclusion: downstairs
Elf:2 2 runed translucent doors
Depths:2 9 exclusions, Mara
Depths:4 1 runed translucent door, ragingrage's ghost, veteran TrFi
Zot:2 exclusion: 2 oklob plants
Zot:3 Grunn


Innate Abilities, Weirdness & Mutations

You have razor-sharp teeth.
Your natural rate of healing is unusually fast.
When hurt, damage is shared between your health and your magic reserves.
Your bite disrupts and absorbs the magic of your enemies.
Potions cannot restore your health.
You are agile. (Dex +4, Str/Int -1)
You expend magic power (3 MP) to strengthen your wands.


Message History

The bone dragon bites you but does no damage.
You block the bone dragon's attack. The bone dragon tramples you!
* * * LOW HITPOINT WARNING * * *
You are held in place!
The tentacled monstrosity tentacle-slaps you but does no damage. x2
The tentacled monstrosity misses you.
The tentacled monstrosity constricts you.
The green draconian completely misses you.
The black draconian barely misses you.
The tentacled monstrosity's grasp on you weakens, but your attempt to escape fails.
The infernal howling subsides.
You block the bone dragon's attack. The bone dragon claws you!
* * * LOW HITPOINT WARNING * * *
The bone dragon completely misses you. The Tzitzimitl engulfs you!
* * * LOW HITPOINT WARNING * * *
The Tzitzimitl barely misses you. The bone dragon closely misses you.
You block the bone dragon's attack. x2; The black draconian closely misses you.
The green draconian barely misses you.
The tentacled monstrosity tentacle-slaps you but does no damage.
The tentacled monstrosity tentacle-slaps you.
* * * LOW HITPOINT WARNING * * *
The tentacled monstrosity closely misses you.
The tentacled monstrosity constricts you.
* * * LOW HITPOINT WARNING * * *
The bone dragon bites you!
* * * LOW HITPOINT WARNING * * *
The bone dragon closely misses you.
The bone dragon tramples you but does no damage.
The Tzitzimitl engulfs you.
* * * LOW HITPOINT WARNING * * *
You emit a cloud of dark smoke.
The Tzitzimitl drains your vigour!
You feel as though you will be slow longer.
The Tzitzimitl barely misses you.
Blink to where?
Press: ? - help, Dir - move target You escape the tentacled monstrosity's grasp.
As you read the scroll of blinking, it crumbles to dust.
The bone dragon bites you but does no damage.
The bone dragon claws you!
You die...

#..##..........#
#..######..##......#
#..# #.. #..##..#
#..# #. #####..#
#..# ### #..# #..#
.##. #..# .^.# .....
### #..# ..###.....
#§§##§.# ...#...#
#§§D@).# #.....#
#§DX§§§# ##⌠..###.
#§1##§§# #...###..
#dd##..# ...###...
#.§. #..# ..###...#
#...# #..#
.###.....#...# ...#
..#...# .../# ..##
.....# .... .##


You could see 2 bone dragons, a tentacled monstrosity and a Tzitzimitl.

Vanquished Creatures
  A dread lich (Vaults:5)
  2 ancient liches (Vaults:5)
  Saint Roka (Depths:3)
  A curse toe (Zot:2)
  A caustic shrike (Depths:3)
  A bone dragon (Depths:3)
  3 golden dragons
  Nikola (Snake:3)
  the Enchantress (Depths:3)
  2 doom hounds (Zot:3)
  An electric golem (Zot:3)
  6 tentacled monstrosities
  A walking crystal tome (Depths:4)
  Jorgrun (Elf:2)
  5 liches
  Rupert (D:12)
  3 titans
  A walking earthen tome (Depths:4)
  2 deep elf blademasters
  6 quicksilver dragons
  2 walking frostbound tomes (Depths:4)
  2 acid blobs (Zot:2)
  2 deep elf master archers (Elf:3)
  8 sphinxes
  A death cob (Zot:1)
  11 shadow dragons
  9 storm dragons
  8 tengu reavers
  4 draconian monks
  2 azure jellies (IceCv)
  A rockslime (IceCv)
  Donald (Shoals:2)
  A fire giant (Depths:2)
  9 deep elf sorcerers
  An iron dragon (Depths:4)
  12 vault wardens
  4 frost giants
  An emperor scorpion (Depths:3)
  A draconian scorcher (Zot:3)
  2 draconian shifters
  A balrug (Depths:1)
  5 orc warlords
  Aizul (Shoals:4)
  A ghoul (Vaults:2)
  20 ironbound preservers
  17 stone giants
  5 spriggan defenders
  3 deep elf elementalists
  3 draconian annihilators
  6 caustic shrike skeletons (Depths:3)
  5 quicksilver oozes (IceCv)
  8 vampire knights
  5 war gargoyles
  8 ironbound thunderhulks
  26 very ugly things
  2 eleionomae (Depths:3)
  4 deep elf demonologists (Elf:3)
  2 yellow draconians
  A green draconian (Zot:1)
  3 black draconians (Zot:3)
  9 deep elf annihilators
  2 red draconians (Depths:4)
  5 purple draconians
  A minotaur (Shoals:4)
  5 white draconians
  A blizzard demon (Depths:2)
  8 deep elf death magi
  20 dire elephants
  A crystal guardian (Vaults:2)
  4 ettins
  19 yaktaur captains
  3 merfolk impalers
  Fannar (D:12)
  2 merfolk javelineers
  6 deep elf high priests
  An entropy weaver (Vaults:5)
  3 fire dragons
  6 great orbs of eyes
  5 ice dragons
  5 hydras
  3 rakshasas
  4 salamander tyrants (Snake:4)
  4 peacekeepers
  31 vault guards
  5 spriggan air magi
  A hell beast (Depths:1)
  2 merfolk aquamancers (Shoals:4)
  8 two-headed ogres
  11 ironbound frosthearts
  5 boulder beetles
  10 anacondas
  6 ogre magi
  2 spriggan skeletons
  3 catoblepae (Lair:5)
  2 merfolk avatars
  6 centaur warriors
  6 deep troll shamans
  A two-headed ogre (shapeshifter) (D:15)
  3 vampire magi
  2 alligator snapping turtles
  13 satyrs
  29 dancing weapons
  6 tengu warriors
  8 spriggan berserkers
  An orc high priest (Orc:1)
  7 deep troll earth magi
  19 death yaks
  9 naga warriors
  15 naga sharpshooters
  A shock serpent (shapeshifter) (Vaults:4)
  24 deep elf knights
  10 shock serpents
  Sonja (Lair:5)
  A titan zombie (Depths:2)
  3 hell knights
  2 soul eaters
  A shadow wraith (Depths:1)
  Nergalle (Lair:2)
  8 skeletal warriors
  7 salamander mystics
  7 spriggan druids (Depths:3)
  3 iron trolls
  8 sea snakes
  54 deep trolls
  3 flayed ghosts
  6 naga ritualists
  A shadow dragon zombie (Depths:1)
  13 wizards
  5 glowing orange brains
  20 ironbound convokers
  A lindwurm (shapeshifter) (Vaults:5)
  13 deep elf archers
  6 orc knights
  An obsidian statue (Vaults:4)
  2 orange crystal statues (IceCv)
  24 harpies
  4 phantasmal warriors
  8 necromancers
  A wolf spider (Lair:2)
  11 lindwurms
  26 deep elf zephyrmancers
  29 deep elf pyromancers
  19 mana vipers
  14 salamanders
  A manticore (shapeshifter) (Vaults:5)
  37 ugly things
  4 orc sorcerers
  9 cyclopes
  16 manticores
  28 fauns
  A sphinx skeleton (Depths:1)
  A cyclops (shapeshifter) (Vaults:5)
  12 moths of wrath
  A moth of wrath (shapeshifter) (Vaults:1)
  5 elephants (Lair:4)
  15 vault sentinels
  A fire giant skeleton (Vaults:2)
  8 merfolk sirens
  A frost giant skeleton (Depths:2)
  38 black mambas
  5 water nymphs
  7 guardian serpents
  2 stone giant skeletons
  13 eyes of devastation (Depths:2)
  5 cane toads
  19 naga magi
  2 gargoyles (D:12)
  4 torpor snails
  3 rime drakes (Lair:5)
  2 kobold demonologists (D:9)
  Maggie (D:10)
  2 human skeletons
  55 yaktaurs
  A spriggan zombie (Depths:1)
  A spark wasp simulacrum (Depths:1)
  3 freezing wraiths
  5 tengu conjurers
  8 komodo dragons
  23 merfolk
  A queen bee (Orc:1)
  7 trolls
  A yaktaur skeleton (Vaults:2)
  A polar bear (shapeshifter) (Elf:2)
  6 wind drakes
  2 polar bears
  15 hornets
  65 slime creatures
  A wind drake (shapeshifter) (Elf:3)
  4 blink frogs
  11 dream sheep
  A snapping turtle (shapeshifter) (Vaults:5)
  5 snapping turtles
  A human simulacrum (Vaults:3)
  Sigmund (D:2)
  A deep troll skeleton (Vaults:3)
  2 jumping spiders (shapeshifter) (D:13)
  11 water elementals
  An air elemental (Elf:1)
  6 wyverns
  2 wraiths
  55 yaks
  42 spriggans
  23 humans (D:13)
  Eustachio (D:4)
  A basilisk (shapeshifter) (D:15)
  2 golden eyes (Depths:2)
  7 basilisks
  A yaktaur simulacrum (Vaults:2)
  4 fire elementals
  A hog (shapeshifter) (Elf:1)
  2 vampire mosquitoes (D:12)
  A steam dragon (D:6)
  7 wargs
  A glowing shapeshifter zombie (Vaults:2)
  3 acid dragons
  45 nagas
  18 water moccasins
  2 glowing shapeshifter skeletons
  36 orc warriors
  An ettin simulacrum (Depths:1)
  8 great orb of eyes simulacra (IceCv)
  10 black bears
  12 ogres
  A sky beast (D:7)
  5 boggarts (D:14)
  6 centaurs
  25 wolves
  A phantom (D:4)
  2 slime creature simulacra (IceCv)
  4 kobold brigands
  10 bullfrogs
  13 gnoll sergeants
  3 earth elementals
  2 glowing shapeshifter simulacra (IceCv)
  A scorpion (D:5)
  7 wights
  43 killer bees
  6 howler monkeys
  7 electric eels
  A lava snake (D:14)
  8 jellies
  21 orc priests
  6 hounds
  8 gnoll boudas
  5 iguanas
  32 orc wizards
  7 adders
  26 gnolls
  A shadow imp (D:4)
  A white imp (D:5)
  An ufetubus (D:4)
  A worm (D:4)
  3 dart slugs
  93 orcs
  10 ball pythons
  14 endoplasms
  3 giant cockroaches
  4 goblins
  4 hobgoblins
  10 jackals
  10 kobolds
  6 quokkas
  6 bats
  6 frilled lizards
  3 rats
  2 butterflies (Lair:1)
2111 creatures vanquished.

Vanquished Creatures (others)
  A deep elf zephyrmancer (Elf:2)
  A cane toad (Lair:5)
  3 orcs
  A bush (Depths:3)
  11 fungi
  89 plants
  4 withered plants (Lair:2)
110 creatures vanquished.

Grand Total: 2221 creatures vanquished

Notes
Turn   | Place    | Note
-------+----------+-------------------------------------------
     0 | D:1      | ragingrage the Vine Stalker Brigand began the quest for the
                  | Orb.
     0 | D:1      | Reached XP level 1. HP: 11/11 MP: 2/2
   112 | D:1      | Reached XP level 2. HP: 15/15 MP: 3/3
   291 | D:1      | Reached XP level 3. HP: 13/18 MP: 2/4
   402 | D:1      | Found a faded altar of an unknown god.
   886 | D:2      | Gained mutation: Your natural rate of healing is unusually
                  | fast. [Vine Stalker growth]
   886 | D:2      | Reached XP level 4. HP: 22/23 MP: 5/5
   972 | D:2      | Noticed Sigmund
   981 | D:2      | Killed Sigmund
   982 | D:2      | Reached skill level 5 in Short Blades
   982 | D:2      | Reached XP level 5. HP: 21/26 MP: 6/6
   982 | D:2      | Reached XP level 6. HP: 24/30 MP: 7/7
  1487 | D:3      | Identified the +4 hand axe "Qadwid" {vorpal, rElec}
  1576 | D:3      | Identified the +4 dagger "Petwet" {speed, rN+ Str+4}
  2333 | D:4      | Noticed a black bear
  2334 | D:4      | Reached XP level 7. HP: 34/34 MP: 8/8
  2338 | D:4      | Found a staircase to the Ecumenical Temple.
  2364 | Temple   | Entered the Ecumenical Temple
  2474 | Temple   | Became a worshipper of Dithmenos the Shadowed
  2609 | D:4      | Noticed a wyvern
  2620 | D:4      | Reached skill level 1 in Invocations
  2689 | D:4      | Found a shimmering altar of Xom.
  2693 | D:4      | Noticed Eustachio
  2714 | D:4      | Killed Eustachio
  2819 | D:4      | Killed a wyvern
  2820 | D:4      | Gained mutation: You have razor-sharp teeth. [Vine Stalker
                  | growth]
  2820 | D:4      | Reached XP level 8. HP: 17/38 MP: 10/12
  2874 | D:4      | Reached skill level 5 in Invocations
  3028 | D:5      | Entered Level 5 of the Dungeon
  3230 | D:5      | Reached * piety under Dithmenos
  3918 | D:6      | Reached XP level 9. HP: 42/42 MP: 13/13
  3958 | D:6      | Found an ancient bone altar of Kikubaaqudgha.
  3958 | D:6      | Found a glowing golden altar of the Shining One.
  4079 | D:6      | Reached skill level 10 in Short Blades
  4103 | D:6      | Reached skill level 1 in Dodging
  4103 | D:6      | Reached skill level 5 in Stealth
  4968 | D:7      | Reached skill level 1 in Shields
  5010 | D:7      | Found a radiant altar of Vehumet.
  5105 | D:7      | Reached skill level 1 in Armour
  5118 | D:7      | Reached ** piety under Dithmenos
  5119 | D:7      | Reached skill level 6 in Stealth
  5896 | D:8      | Reached skill level 7 in Stealth
  5908 | D:8      | Reached XP level 10. HP: 49/49 MP: 14/14
  5953 | D:8      | Reached skill level 8 in Stealth
  6392 | D:8      | Found a shimmering blue altar of Sif Muna.
  6447 | D:8      | Found an iron altar of Okawaru.
  6491 | D:9      | Found a staircase to the Lair.
  6519 | D:9      | Noticed a kobold demonologist
  6552 | D:9      | Killed a kobold demonologist
  6552 | D:9      | Noticed a kobold demonologist
  6571 | D:9      | Killed a kobold demonologist
  6639 | D:9      | Noticed a two-headed ogre
  6641 | D:9      | Reached *** piety under Dithmenos
  6862 | D:8      | Reached skill level 9 in Stealth
  7051 | D:9      | Killed a two-headed ogre
  7534 | D:10     | Entered Level 10 of the Dungeon
  7613 | D:9      | Reached XP level 11. HP: 45/54 MP: 15/15
  7694 | D:10     | Reached skill level 10 in Stealth
  7793 | D:10     | Noticed Maggie
  7796 | D:10     | Killed Maggie
  8054 | D:10     | Found a flagged portal.
  8055 | D:10     | Found a burning altar of Makhleb.
  8077 | Bailey   | Entered a bailey
  8180 | Bailey   | Reached **** piety under Dithmenos
  8342 | Bailey   | Reached skill level 5 in Fighting
  8349 | Bailey   | Reached skill level 5 in Throwing
  8901 | D:10     | Reached skill level 11 in Stealth
  9098 | D:10     | Found a sparkling altar of Nemelex Xobeh.
  9304 | D:10     | Identified a scroll of acquirement
  9304 | D:10     | Acquired a +2 scimitar of flaming
  9462 | D:11     | Noticed a manticore
  9468 | D:11     | Killed a manticore
  9495 | D:11     | Noticed a two-headed ogre
  9515 | D:11     | Killed a two-headed ogre
  9516 | D:11     | Reached skill level 5 in Shields
  9630 | D:11     | Acquired a manual of Shields
  9793 | D:11     | Found a staircase to the Orcish Mines.
 10043 | D:11     | Reached XP level 12. HP: 60/60 MP: 16/16
 10045 | D:11     | Reached skill level 12 in Stealth
 10165 | D:12     | Noticed Rupert
 10202 | D:13     | Noticed a two-headed ogre
 10217 | D:13     | Killed a two-headed ogre
 10218 | D:13     | Reached skill level 5 in Dodging
 10252 | D:13     | Noticed a boulder beetle
 10256 | D:13     | Noticed a seven-headed hydra
 10260 | D:13     | Killed a boulder beetle
 10322 | Lair:1   | Entered Level 1 of the Lair of Beasts
 10322 | Lair:1   | Found the +8 trident of the Octopus King {venom, rElec
                  | rPois}
 10686 | Lair:1   | Reached skill level 13 in Stealth
 11401 | Lair:2   | Noticed Nergalle
 11531 | Lair:2   | Killed Nergalle
 11838 | Lair:2   | Reached XP level 13. HP: 52/66 MP: 17/17
 11878 | Lair:1   | Reached ***** piety under Dithmenos
 11978 | Lair:2   | Reached skill level 14 in Stealth
 12344 | Lair:2   | Found a runed translucent gate.
 12344 | Lair:2   | Found a runed translucent gate.
 12344 | Lair:2   | Found a runed translucent gate.
 12349 | Lair:2   | Noticed chippings's ghost (journeyman MfGl)
 12349 | Lair:2   | Noticed ryw's ghost (journeyman DsMo)
 12350 | Lair:2   | Noticed Palms's ghost (journeyman NaIE)
 12737 | Lair:3   | Found a staircase to the Snake Pit.
 12953 | Lair:3   | Found a staircase to the Shoals.
 13436 | Lair:3   | Reached skill level 15 in Stealth
 14008 | Lair:4   | Identified the +2 robe of Amonwus {rF+}
 14409 | Lair:5   | Entered Level 5 of the Lair of Beasts
 14792 | Lair:4   | Reached XP level 14. HP: 70/70 MP: 20/20
 15092 | Lair:5   | Found a staircase to the Slime Pits.
 15092 | Lair:5   | Found a viscous altar of Jiyva.
 15533 | Lair:5   | Reached skill level 16 in Stealth
 15625 | Lair:5   | Learned a level 2 spell: Ensorcelled Hibernation
 15651 | Lair:5   | Found a glowing golden altar of the Shining One.
 16193 | Lair:5   | Reached skill level 1 in Hexes
 16248 | Lair:5   | Reached skill level 10 in Shields
 16269 | Lair:5   | Noticed Sonja
 16276 | Lair:5   | Killed Sonja
 16566 | D:12     | Killed Rupert
 16972 | D:12     | Noticed Fannar
 17301 | D:12     | Reached skill level 10 in Invocations
 17309 | D:12     | Killed Fannar
 17856 | Orc:1    | Entered Level 1 of the Orcish Mines
 17869 | Orc:1    | Noticed an orc warlord
 18105 | D:11     | Killed an orc warlord
 18106 | D:11     | Reached XP level 15. HP: 62/74 MP: 23/23
 18355 | Orc:1    | Noticed an orc warlord
 18406 | D:11     | Killed an orc warlord
 18905 | Orc:1    | Reached ****** piety under Dithmenos
 19279 | Orc:2    | Entered Level 2 of the Orcish Mines
 19291 | Orc:2    | Found a staircase to the Elven Halls.
 19328 | Orc:2    | Reached skill level 17 in Stealth
 19328 | Orc:2    | Noticed an orc warlord
 19656 | Orc:1    | Killed an orc warlord
 20128 | Orc:2    | Noticed an orc warlord
 20354 | Orc:2    | Killed an orc warlord
 20416 | Orc:2    | Found Seshret's Antique Armour Shoppe.
 20423 | Orc:2    | Found Opeq's Antique Weapon Shoppe.
 20447 | Orc:2    | Bought a pair of buzzing gloves for 171 gold pieces
 20447 | Orc:2    | Identified the +0 pair of gloves of Dyspraxia {Rampage
                  | rPois Str+3 Int-3} (You bought it in a shop on level 2 of
                  | the Orcish Mines)
 20655 | Orc:2    | Found Ymaus's Book Shoppe.
 20670 | Orc:2    | Found Gurycsuo's General Store.
 20677 | Orc:2    | Bought a scroll of summoning for 133 gold pieces
 20677 | Orc:2    | Bought a scroll of teleportation for 42 gold pieces
 20974 | D:13     | Found Nerig's General Store.
 20978 | D:13     | Bought a potion of haste for 150 gold pieces
 21027 | D:13     | Reached skill level 5 in Hexes
 21504 | D:13     | Found a gate to the Vaults.
 21843 | Snake:1  | Entered Level 1 of the Snake Pit
 22580 | Snake:2  | Reached skill level 18 in Stealth
 22728 | Snake:2  | Found Camoag's Book Emporium.
 22746 | Snake:2  | Found Naumonoo's Jewellery Shop.
 22747 | Snake:2  | Found Yrakuiqi's Book Emporium.
 22860 | Snake:2  | Reached XP level 16. HP: 58/79 MP: 19/26
 23925 | Snake:3  | Reached skill level 5 in Armour
 24580 | Snake:3  | Found Cuakeor's Antique Weapon Shoppe.
 24591 | Snake:3  | Bought an ichor-stained dagger for 238 gold pieces
 24591 | Snake:3  | Identified the +5 dagger of Attainder {vorpal, +Blink rN+
                  | Will+ Int-5} (You bought it in a shop on level 3 of the
                  | Snake Pit)
 24751 | Snake:3  | Noticed Nikola
 25368 | Snake:3  | Killed Nikola
 25776 | Snake:4  | Entered Level 4 of the Snake Pit
 25828 | Snake:4  | Reached skill level 19 in Stealth
 26094 | Snake:4  | Reached XP level 17. HP: 83/83 MP: 27/27
 26423 | Snake:4  | Found Siogaf's Book Shoppe.
 27635 | Snake:4  | Got a serpentine rune of Zot
 28089 | Elf:1    | Entered Level 1 of the Elven Halls
 28133 | Elf:1    | Reached skill level 20 in Stealth
 28146 | Elf:1    | Reached skill level 10 in Hexes
 28494 | Elf:1    | You fall into a shaft and drop 1 floor!
 28640 | Elf:2    | Found a large runed translucent door.
 28641 | Elf:2    | Found a large runed translucent door.
 28643 | Elf:2    | Found a large runed translucent door.
 28644 | Elf:2    | Found a large runed translucent door.
 28657 | Elf:2    | Reached XP level 18. HP: 68/84 MP: 17/28
 29154 | Elf:1    | Reached skill level 15 in Shields
 29585 | Elf:2    | Noticed Jorgrun
 29614 | Elf:2    | Killed Jorgrun
 30428 | Elf:3    | Entered Level 3 of the Elven Halls
 30741 | Shoals:1 | Entered Level 1 of the Shoals
 30873 | Shoals:1 | Reached skill level 21 in Stealth
 30928 | Shoals:1 | Identified Roxanne's Octavo of Variation
 30928 | Shoals:1 | Noticed Roxanne
 31590 | Snake:2  | Bought a ring of flight for 262 gold pieces
 32075 | Shoals:2 | Noticed Donald
 32106 | Shoals:2 | Killed Donald
 32706 | Shoals:2 | Reached XP level 19. HP: 95/95 MP: 29/29
 33088 | Shoals:3 | Found Kytaerr's Distillery.
 33224 | Shoals:3 | Found a frozen archway.
 33235 | IceCv    | Entered an ice cave
 33275 | IceCv    | Found the +4 skin of Zhor {*Englaciate rC+++ SInv}
 33305 | IceCv    | Identified the +6 ice dragon scales "Exziale" {rF- rC++
                  | Str+4}
 33721 | IceCv    | Found a viscous altar of Jiyva.
 33785 | IceCv    | Got the Spellbook of Frostbite
 33795 | IceCv    | Got the ring "Xaeb Sek" {Ice Int+4}
 33799 | IceCv    | Identified the amulet of the Noxious God {RegenMP Str+2}
 34316 | Shoals:3 | Bought a potion of invisibility for 128 gold pieces
 34316 | Shoals:3 | Bought a potion of haste for 160 gold pieces
 34316 | Shoals:3 | Bought a potion of might for 64 gold pieces
 34316 | Shoals:3 | Bought a potion of curing for 48 gold pieces
 34316 | Shoals:3 | Bought a potion of curing for 48 gold pieces
 34316 | Shoals:3 | Bought a potion of resistance for 160 gold pieces
 34611 | Shoals:4 | Entered Level 4 of the Shoals
 35034 | Shoals:4 | Noticed Aizul
 35040 | Shoals:4 | Reached skill level 10 in Armour
 35066 | Shoals:4 | Killed Aizul
 35437 | Shoals:4 | Reached skill level 22 in Stealth
 35477 | Shoals:4 | Got a barnacled rune of Zot
 35654 | Shoals:4 | Reached skill level 10 in Fighting
 35753 | Shoals:4 | Identified the +4 broad axe "Giant's Funeral" {vorpal, rN+
                  | Will+++ Int-4 Stlth+}
 35864 | Shoals:4 | Reached XP level 20. HP: 102/102 MP: 30/30
 36250 | Vaults:1 | Entered Level 1 of the Vaults
 37185 | D:15     | Entered Level 15 of the Dungeon
 37316 | D:15     | Paralysed by an ogre mage for 5 turns
 37819 | D:15     | Found a staircase to the Depths.
 38041 | Vaults:1 | Found a portal to a secret trove of treasure.
 38300 | Vaults:1 | Identified the +6 arbalest "Xewker" {elec, rPois rF+ Int+2
                  | SInv}
 38584 | Vaults:1 | Reached skill level 10 in Dodging
 38901 | Vaults:1 | Reached skill level 1 in Evocations
 39487 | Vaults:1 | Reached skill level 23 in Stealth
 39840 | Vaults:2 | Found a staircase to the Crypt.
 39850 | Vaults:2 | Reached XP level 21. HP: 109/109 MP: 31/31
 41492 | Vaults:3 | Identified the +13 plate armour "Kaanorghu" {rN+ Int-4
                  | Slay+3}
 41704 | Vaults:3 | Acquired the +2 cloak of the Thief {*Fog Slay-2 SInv
                  | Stlth+}
 41704 | Vaults:3 | Found the +2 cloak of the Thief {*Fog Slay-2 SInv Stlth+}
 41884 | Vaults:3 | Reached skill level 5 in Evocations
 42558 | Vaults:4 | Reached skill level 24 in Stealth
 42638 | Vaults:4 | Reached skill level 15 in Hexes
 42664 | Vaults:4 | Reached XP level 22. HP: 92/116 MP: 23/32
 43013 | Vaults:4 | Identified the ring "Foodin" {Wiz Dex+3}
 44564 | Elf:3    | Found the +12 glaive of Prune {vorpal}
 44905 | Elf:3    | Identified the +7 morningstar of Vuunwazi {freeze, rN++}
 44908 | Elf:3    | Identified the +10 quarterstaff of Imooq {spect, rN+}
 44922 | Elf:3    | Identified the +10 whip "Plog" {holy, rCorr Str-4 Dex+5}
 44989 | Elf:3    | Got the Folio of Fascination and Formation
 45006 | Elf:3    | Identified the +2 mace "Ocaby" {vorpal, rElec Int+6 Dex-3}
 45010 | Elf:3    | Got the Spellbook of Frozen Intoxication
 45011 | Elf:3    | Identified the +2 trident "Ebiuh" {venom, Will+}
 45014 | Elf:3    | Identified the +6 rapier "Urogoanumont" {flame, rN+ Int+5}
 45018 | Elf:3    | Got the Octavo of the Old World
 45032 | Elf:3    | Identified the +9 plate armour "Higaogor" {rC+}
 45039 | Elf:3    | Learned a level 3 spell: Dazzling Flash
 45221 | Elf:3    | Learned a level 7 spell: Enfeeble
 45461 | Elf:3    | Found Lueror's Assorted Antiques.
 45470 | Elf:3    | Bought a potion of curing for 78 gold pieces
 45470 | Elf:3    | Bought a potion of curing for 78 gold pieces
 45926 | Vaults:5 | Entered Level 5 of the Vaults
 45990 | Vaults:4 | Reached XP level 23. HP: 105/125 MP: 33/33
 46205 | Vaults:4 | Reached skill level 15 in Fighting
 46368 | Vaults:5 | Identified the +10 war axe of Eluoxton {freeze, Int+7}
 46368 | Vaults:5 | Identified the amulet "Withre Gyosuj" {Acrobat rF++ Dex+4}
 46444 | Vaults:5 | Identified the +1 leather armour "Orimeog" {rElec rF+}
 46472 | Vaults:5 | Noticed an ancient lich
 46497 | Vaults:5 | Killed an ancient lich
 46853 | Vaults:5 | Got a silver rune of Zot
 47135 | Vaults:5 | Noticed a dread lich
 47165 | Vaults:5 | Killed a dread lich
 47187 | Vaults:5 | Got Meumapao's Atlas of Red-Hot Sinister Arts
 47361 | Vaults:5 | Noticed an ancient lich
 47368 | Vaults:5 | Killed an ancient lich
 47369 | Vaults:5 | Reached skill level 15 in Dodging
 47799 | Depths:1 | Entered Level 1 of the Depths
 48104 | Depths:1 | Found a gateway to Hell.
 48262 | Depths:2 | Reached XP level 24. HP: 128/129 MP: 33/33
 48287 | Depths:2 | Found Sagh's Antique Armour Emporium.
 48297 | Depths:2 | Bought a glowing scarf for 312 gold pieces
 48298 | Depths:2 | Bought a distressingly furry scale mail for 351 gold pieces
 48298 | Depths:2 | Identified the +0 scale mail "Appurash" {Regen+ Str+2} (You
                  | bought it in a shop on level 2 of the Depths)
 48298 | Depths:2 | Bought a twisted robe for 222 gold pieces
 48298 | Depths:2 | Identified the +2 robe "Pututaob" {rC++ Dex-5 SInv} (You
                  | bought it in a shop on level 2 of the Depths)
 48298 | Depths:2 | Bought a fine ring mail for 351 gold pieces
 48298 | Depths:2 | Identified the +0 ring mail of the Enchanting Gods {+Blink
                  | rF+ Int-5} (You bought it in a shop on level 2 of the
                  | Depths)
 48520 | Depths:2 | Found a sparkling altar of Nemelex Xobeh.
 49036 | Depths:3 | Noticed Saint Roka
 49047 | Depths:3 | Killed Saint Roka
 49272 | Depths:3 | Found a one-way gate to the infinite horrors of the Abyss.
 49357 | Depths:3 | Identified the +10 morningstar "Transmigrator" {speed,
                  | *Slow rF++ rN+}
 49515 | Depths:3 | Found a bloodstained altar of Trog.
 49717 | Depths:3 | Noticed a caustic shrike
 49722 | Depths:3 | Killed a caustic shrike
 49924 | Depths:3 | Identified the +3 giant club of the Elven Halls {spect,
                  | rF+}
 49924 | Depths:3 | Identified the +9 giant club "Beetle's Death Toll" {vorpal,
                  | rPois Str+9 Int-2}
 49925 | Depths:3 | Noticed the Enchantress
 49929 | Depths:3 | Killed the Enchantress
 50442 | Depths:4 | Entered Level 4 of the Depths
 50442 | Depths:4 | Found a huge runed gate.
 50442 | Depths:4 | Found a huge runed gate.
 50442 | Depths:4 | Found a huge runed gate.
 50442 | Depths:4 | Found a huge runed gate.
 50442 | Depths:4 | Found a huge runed gate.
 50442 | Depths:4 | Found a huge runed gate.
 50442 | Depths:4 | Found a huge runed gate.
 50442 | Depths:4 | Found a huge runed gate.
 50442 | Depths:4 | Found a huge runed gate.
 50442 | Depths:4 | Found a huge runed gate.
 50442 | Depths:4 | Found a huge runed gate.
 50442 | Depths:4 | Found a huge runed gate.
 50442 | Depths:4 | Found a huge runed gate.
 50442 | Depths:4 | Found a huge runed gate.
 50442 | Depths:4 | Found a huge runed gate.
 50442 | Depths:4 | Found a huge runed gate.
 50442 | Depths:4 | Found a huge runed gate.
 50442 | Depths:4 | Found a huge runed gate.
 50442 | Depths:4 | Found a huge runed gate.
 50442 | Depths:4 | Found a huge runed gate.
 50618 | Depths:4 | Identified the +10 battleaxe of War {pain, Dex+5 Stlth-}
 51065 | Depths:2 | Noticed Mara
 51688 | Depths:1 | Identified the +10 falchion of Sudden Death {vorpal, rF++
                  | Int+3 Dex-5}
 51769 | Depths:1 | Reached XP level 25. HP: 112/129 MP: 33/33
 51875 | Depths:1 | Got Urrug's Volume of Maleficent Magic
 51878 | Depths:1 | Gained mutation: You sometimes lose your temper in combat.
                  | [mutagenic glow]
 51895 | Depths:1 | Gained mutation: Your body sometimes deteriorates upon
                  | taking damage. [mutagenic glow]
 51982 | Depths:1 | Lost mutation: Your body sometimes deteriorates upon taking
                  | damage. [potion of mutation]
 51982 | Depths:1 | Lost mutation: You sometimes lose your temper in combat.
                  | [potion of mutation]
 51982 | Depths:1 | Gained mutation: You are agile. (Dex +4, Str/Int -1)
                  | [potion of mutation]
 51982 | Depths:1 | Gained mutation: You expend magic power (3 MP) to
                  | strengthen your wands. [potion of mutation]
 52091 | Depths:1 | Found an ornate altar of the Wu Jian Council.
 52947 | Depths:2 | Found a one-way gate leading to the halls of Pandemonium.
 52959 | Depths:2 | Found a one-way gateway to a ziggurat.
 53490 | Depths:4 | Found a gate to the Realm of Zot.
 53607 | Depths:4 | Found a runed translucent door.
 53608 | Depths:4 | Found a shimmering altar of Xom.
 53608 | Depths:4 | Noticed ragingrage's ghost (veteran TrFi)
 53608 | Depths:4 | Identified the +7 eveningstar "Xafaips" {chaos, rCorr
                  | Dex+6}
 53773 | Depths:4 | Found Hiulysto's Book Shop.
 53785 | Depths:4 | Learned a level 3 spell: Tukima's Dance
 53791 | Depths:4 | Learned a level 5 spell: Silence
 53923 | Depths:4 | Found Tirha's Weapon Emporium.
 53927 | Depths:4 | Found Irredo's General Store.
 53928 | Depths:4 | Found Kalad's Antique Armour Emporium.
 53935 | Depths:4 | Reached skill level 1 in Spellcasting
 53942 | Depths:4 | Bought a scroll of fear for 52 gold pieces
 54215 | Depths:4 | Found a hazy altar of Hepliaklqana.
 54311 | Zot:1    | Entered Level 1 of the Realm of Zot
 55481 | Zot:1    | Acquired the ring of Fragile Peace {Drain rF+ rC+++ Will+
                  | Str+5}
 56834 | Zot:2    | HP: 2/139 [acid blob/splash of acid (14)]
 57987 | Zot:2    | You fall into a shaft and drop 1 floor!
 58410 | Zot:3    | Noticed Grunn
 58446 | Zot:3    | HP: 5/135 [bone dragon[a doom hound] (9)]
 58446 | Zot:3    | HP: 1/135 [Tzitzimitl[a doom hound] (4)]
 58447 | Zot:3    | Slain by a bone dragon

Illustrated notes

Levels and vault maps discovered:
D:1:      spicycebolla_arrival_risky_transporter, layout_loops_ring,
          shapermc_ecumenical_altar_venn, minmay_distorted
D:2:      layout_basic, minmay_strange_pillars, uniq_sigmund
D:3:      layout_basic, serial_bayou, serial_bayou_shore_b, serial_bayou_pond_d,
          serial_bayou_shore_b, serial_bayou_pond_d, serial_bayou_shore_a
D:4:      layout_rooms, xom_teletrap_fun, minmay_temple_entry_tees,
          minmay_manual_moon, uniq_eustachio
D:5:      layout_rooms, st_stairs_6
D:6:      layout_loops_corners, nicolae_overflow_two_pavilions
D:7:      layout_loops_cross, nicolae_vehumet_altar_sigil, minmay_diced_spiral
D:8:      layout_rooms, mainiacjoe_overflow_alcove_1,
          mainiacjoe_overflow_24_doors, glass_columns_b
D:9:      nicolae_cairo_tiling_large, layout_rooms
D:10:     layout_long_grid, enter_bailey_2, minivault_5,
          hangedman_feature_mirror, kennysheep_generic_room_4, uniq_maggie
D:11:     layout_loops_ring, orc_0_dummy
D:12:     kennysheep_blocky_room, layout_loops_ring, minivault_22, uniq_rupert,
          uniq_fannar
D:13:     layout_rooms, grunt_vaults_entry_tiered, serial_shops,
          nicolae_shop_hallway_stairs
D:14:     layout_loops_cross, kennysheep_cross_room
D:15:     gammafunk_enter_depths_forms, layout_basic,
          amcnicky_mini_rare_corridor_liquid
Temple:   minmay_temple_bridge_d
Lair:1:   layout_small_grid, st_stairs_6, lemuel_fruit_fields
Lair:2:   layout_regular_city, gammafunk_ghost_cemetery,
          nicolae_lair_run_with_the_wolves, uniq_nergalle
Lair:3:   layout_small_grid, elwin_shoals_entry_rocks,
          minmay_snake_entry_spellcaster, chequers_serial_rivers_small_b,
          beast_lair_carwin_11
Lair:4:   layout_cave_pods, infiniplex_staircase_pool
Lair:5:   guppyfry_lair_end_dragon, layout_long_grid, hangedman_lair_in_review,
          nicolae_slime_entry_slimehenge, basic_altar, uniq_sonja
Shoals:1: layout_shoals, uniq_roxanne
Shoals:2: layout_shoals, nicolae_shoals_shepherds, uniq_donald
Shoals:3: layout_shoals, serial_shops, nicolae_shop_trees,
          portal_ice_cave_entry_pillars_2
Shoals:4: shoals_end_hellmonk_lost_city, serial_shops, uniq_aizul
Snake:1:  layout_misc_corridors, serial_bayou_shore_b
Snake:2:  layout_layer_cave, nicolae_triple_integral, minmay_shop_grove
Snake:3:  layout_gridlike, serial_shops, nicolae_shop_overgrown_old_shop,
          st_stairs_9, uniq_nikola
Snake:4:  snake_pit_salamanders_mu, layout_gridlike, serial_shops,
          nicolae_shop_behind_doors
Orc:1:    layout_caves, special_room [special_room_bee]
Orc:2:    grunt_orc_cross, layout_diamond_mine
Elf:1:    minmay_elf_arrival_circle, layout_gridlike,
          kennysheep_underground_church, hangedman_elven_crosses_minicolossus
Elf:2:    elven_hall_of_blades_hangedman_alternative
          [nicolae_blade_entry_splitting_headache], layout_loops_cross,
          uniq_jorgrun
Elf:3:    grunt_elf_hall_spiral, layout_rooms, serial_shops,
          nicolae_lakefront_shop
Vaults:1: v_misc_25, v_misc_30, hangedman_vaults_locks, ontoclasm_vaults_hangar,
          vaults_mumra_chevron_long, nicolae_vaults_yaktaur_gun_rack, v_misc_10,
          vaults_room_corners, v_misc_29, vaults_dpeg_emergency_exit,
          nicolae_vaults_little_squares_6, ontoclasm_vaults_twist,
          st_more_cells, layout_vaults_ring, enter_trove_1
Vaults:2: st_cross, v_pattern_3, nicolae_vaults_little_squares_1, v_misc_29,
          nicolae_vaults_windows_and_doors_thing,
          nicolae_vaults_network_quincunx
          [nicolae_vaults_network_quincunx_subvault,
          nicolae_vaults_network_quincunx_subvault,
          nicolae_vaults_network_quincunx_subvault,
          nicolae_vaults_network_quincunx_subvault,
          nicolae_vaults_network_quincunx_subvault],
          minmay_crypt_entry_simple_walls, nicolae_vaults_ring_of_whatevers,
          nicolae_vaults_alarming, ontoclasm_vaults_loading_screen,
          ontoclasm_vaults_gateway, layout_vaults_omnicross
Vaults:3: vaults_mumra_minichess_inversion, vaults_room_grunt_arrival_ludios,
          ontoclasm_vaults_spin, v_misc_10, vaults_mumra_chevron, v_pattern_1,
          vaults_room_corners, vaults_room_hallway, layout_vaults_quadrants
Vaults:4: vaults_room_large_hall, nicolae_vaults_statue_guard,
          hangedman_vaults_slither, nicolae_vaults_circle_grid_a,
          hangedman_vaults_unwind, nicolae_vaults_network_barrier, v_misc_25,
          v_misc_2, nicolae_vaults_specimen_jars, nicolae_vaults_back_hallway,
          ontoclasm_vaults_misaligned, v_misc_19, v_pattern_2,
          layout_vaults_maze_bifur
Vaults:5: serial_shops
Depths:1: layout_roguey, special_room [special_room_morgue],
          grunt_mini_vestibule, serial_rivers, chequers_serial_rivers_micro_c,
          chequers_serial_rivers_micro_e, chequers_serial_rivers_small_3,
          chequers_serial_rivers_small_b, chequers_serial_rivers_room_a,
          chequers_serial_rivers_micro_d, moated_statue,
          hangedman_abyss_entry_splay, nzn_wu_jian_contemplation
Depths:2: minmay_eyes, layout_cave_shapes, enter_ziggurat_e,
          hangedman_coc_ice_floe, serial_shops, nicolae_diamond_shop, pan_entry,
          nemelex_spade_bored_becter, uniq_mara
Depths:3: spriggan_forest, hell_entry, abyss_entry, uniq_saint_roka
Depths:4: grunt_crosshair, layout_basic, nicolae_hepliaklqana_hippocampus,
          hell_entry, ebering_ghost_xom, serial_shops, shop, minmay_hedge_maze,
          nrook_uturn, reverse_door_vault, minmay_shop_star
Zot:1:    layout_misc_corridors, st_stairs_9
Zot:2:    lemuel_acid_trip, layout_concentric_octagons, uniq_vv
Zot:3:    layout_concentric_octagons, grunt_megastairs_2, uniq_grunn

Skill      XL: |  1  2  3  4  5  6  7  8  9 10 11 12 13 14 15 16 17 18 19 20 21 22 23 24 25 |
---------------+----------------------------------------------------------------------------+-----
Short Blades   | 2 3 5 6 7 9 10 11 12 13 14 | 14.0
Invocations    | 4 5 7 10 12 13 | 13.0
Throwing       | 3 4 5 6 |  6.0
Dodging        | 2 3 4 5 6 7 9 10 11 13 15 | 15.0
Stealth        | 7 9 11 13 15 16 18 19 20 21 22 23 24 | 24.0
Fighting       | 3 4 5 6 7 8 10 11 12 14 15 16 | 16.6
Shields        | 2 3 5 7 9 10 12 14 15 16 | 16.6
Armour         | 2 3 4 6 8 9 10 12 | 12.1
Hexes          | 3 6 8 10 11 12 13 15 17 20 | 20.8
Evocations     | 2 5 |  5.0
Spellcasting   | 4 |  4.3

Action                   |  1- 3 |  4- 6 |  7- 9 | 10-12 | 13-15 | 16-18 | 19-21 | 22-24 | 25-27 || total
-------------------------+-------+-------+-------+-------+-------+-------+-------+-------+-------++-------
Melee: Dagger            |    98 |   148 |   421 |   673 |   436 |       |       |       |       ||  1776
       Bite              |    23 |    45 |   159 |   348 |   729 |   413 |   925 |   930 |   396 ||  3968
       Punch             |       |     4 |     2 |       |       |       |       |       |       ||     6
       Rapier            |       |       |       |   159 |  1110 |  1074 |  1729 |  1654 |   646 ||  6372
       Scimitar          |       |       |       |       |    15 |       |       |       |       ||    15
Throw: Dart              |       |     6 |    13 |    18 |    20 |     6 |       |     5 |       ||    68
       Throwing net      |       |       |     1 |     2 |     1 |     1 |       |       |       ||     5
 Cast: Ensorcelled Hiber |       |       |       |       |     6 |       |       |       |       ||     6
       Dazzling Flash    |       |       |       |       |       |       |       |     1 |       ||     1
       Enfeeble          |       |       |       |       |       |       |       |     2 |       ||     2
Invok: Shadow Step       |       |       |       |     2 |     4 |       |     2 |       |       ||     8
       Shadow Form       |       |       |       |       |       |     2 |       |       |       ||     2
Evoke: Phial of floods   |       |       |       |     1 |     1 |     2 |       |       |       ||     4
       Wand              |       |       |       |       |     2 |     2 |       |       |     2 ||     6
       Lightning rod     |       |       |       |       |     2 |       |       |       |       ||     2
       Phantom mirror    |       |       |       |       |     2 |     2 |       |     1 |       ||     5
       Condenser vane    |       |       |       |       |       |       |       |     1 |       ||     1
  Use: Scroll            |       |     1 |     4 |    21 |    10 |     6 |     6 |     5 |     6 ||    59
       Potion            |       |       |     2 |     1 |       |     4 |       |     2 |     1 ||    10
 Stab: Sleeping          |     8 |     8 |     9 |    29 |    46 |   135 |   142 |   109 |    31 ||   517
       Distracted        |       |       |       |     6 |    11 |     9 |    29 |    16 |    23 ||    94
       Held in net/web   |       |       |       |     1 |     1 |       |       |       |       ||     2
       Invisible         |       |       |       |       |       |     4 |       |     3 |       ||     7
Armor: Robe              |    19 |    38 |    17 |       |       |       |       |       |       ||    74
       Ring mail         |       |       |    95 |    65 |   206 |   167 |    19 |       |       ||   552
       Acid dragon scale |       |       |       |    50 |       |       |       |       |       ||    50
       Skin              |       |       |       |     9 |    60 |       |       |       |       ||    69
       Swamp dragon scal |       |       |       |    26 |       |       |       |       |       ||    26
       Animal skin       |       |       |       |       |       |       |   139 |   130 |    41 ||   310
       Storm dragon scal |       |       |       |       |       |       |       |       |    52 ||    52
Dodge: Dodged            |    39 |    58 |   122 |   368 |   695 |   302 |   767 |   770 |   316 ||  3437
Block: Kite shield       |       |       |    86 |   462 |  1111 |   614 |  1021 |   984 |   400 ||  4678

Table legend: (Time is in decaauts)
 A = Elapsed time spent in this place.
 B = Non-inter-level travel time spent in this place.
 C = Inter-level travel time spent in this place.
 D = Time resting spent in this place.
 E = Time spent auto-exploring this place.
 F = Levels seen in this place.
 G = Mean time per level.
                   A        B        C        D        E       F      G
               +--------+--------+--------+--------+--------+-----+--------+
         Total |  55567 |  48033 |   7534 |   5249 |  26388 |  48 | 1157.6 |
       Dungeon |  15082 |  12412 |   2670 |   1137 |   7231 |  15 | 1005.5 |
        Temple |    183 |     88 |     95 |      0 |     62 |   1 |  183.0 |
          Lair |   6403 |   5510 |    893 |    320 |   3628 |   5 | 1280.6 |
        Shoals |   4245 |   4014 |    231 |    463 |   2143 |   4 | 1061.2 |
     Snake Pit |   5692 |   5096 |    596 |    798 |   2706 |   4 | 1423.0 |
  Orcish Mines |   2568 |   2245 |    323 |    473 |    979 |   2 | 1284.0 |
   Elven Halls |   3685 |   3332 |    353 |    585 |   1383 |   3 | 1228.3 |
        Vaults |   7989 |   6689 |   1300 |    534 |   3621 |   5 | 1597.8 |
        Depths |   6301 |   5419 |    882 |    565 |   3140 |   4 | 1575.2 |
           Zot |   2011 |   1824 |    187 |    126 |   1211 |   3 |  670.3 |
        Bailey |    720 |    720 |      0 |    150 |    202 |   1 |  720.0 |
      Ice Cave |    683 |    683 |      0 |     96 |     81 |   1 |  683.0 |
               +--------+--------+--------+--------+--------+-----+--------+

Top non-repeatable levels by time:
Depths:3: 2199 daAuts
Vaults:4: 1924 daAuts
 Snake:4: 1909 daAuts
Vaults:3: 1869 daAuts
   Elf:2: 1707 daAuts
    D:11: 1694 daAuts
Depths:2: 1671 daAuts
Vaults:1: 1626 daAuts
 Snake:2: 1620 daAuts
    D:13: 1550 daAuts
  Lair:3: 1422 daAuts
 Snake:3: 1385 daAuts
  Lair:1: 1366 daAuts
    D:12: 1312 daAuts
   Orc:2: 1305 daAuts
